 Dungeon Crawl Stone Soup version 0.31-a0-229-g1fc7ce93e2 (webtiles) character file.

Game seed: 4762512083779458953

30 qw the Shooter (level 3, -1/21 HPs)
             Began as a Gargoyle Hexslinger on July 6, 2023.
             Slain by a jackal (2 damage)
             ... on level 2 of the Dungeon.
             The game lasted 00:00:20 (674 turns).

qw the Shooter (Gargoyle Hexslinger)                 Turns: 674, Time: 00:00:21

Health: -1/21      AC:  6    Str: 11    XL:     3   Next: 20%
Magic:  4/4        EV: 11    Int: 13    God:
Gold:   31         SH:  0    Dex: 14    Spells: 3/4 levels left

rFire   . . .        Y - +1 sling
rCold   . . .        (no shield)
rNeg    + . .        g - +0 leather armour
rPois   inf          (no helmet)
rElec   +            (no cloak)
rCorr   .            (no gloves)
SInv    .            (no boots)
Will    .....        (no amulet)
Stlth   +            (no ring)
HPRegen 0.23/turn    (no ring)
MPRegen 0.09/turn

%: no passive effects
@: no status effects
A: sickness immunity, AC +3, negative energy resistance 1, electricity
resistance, torment resistance 1, petrification resistance
a: no special abilities


You were on level 2 of the Dungeon.
You visited 1 branch of the dungeon, and saw 2 of its levels.

You collected 31 gold pieces.


Innate Abilities, Weirdness & Mutations

You are immune to sickness and miasma.
Your stone body is resilient. (AC +3)
You are immune to poison.
You resist negative energy. (rN+)
You are resistant to electric shocks. (rElec)
You are resistant to unholy torment.
You are immune to petrification.


   Skills:
 - Level 2.0 Fighting
 + Level 3.2 Ranged Weapons
 - Level 1.5 Dodging
 - Level 1.0 Spellcasting
 - Level 2.6 Hexes


You had 3 spell levels left.
You knew the following spells:

 Your Spells              Type           Power      Damage    Failure   Level
a - Slow                  Hex            28%        N/A       12%         1

Your spell library contained the following spells:

 Spells                   Type           Power      Damage    Failure   Level
 Inner Flame              Hex/Fire       4%         N/A       54%         3
 Portal Projectile        Hex/Tloc       8%         N/A       54%         3
 Cause Fear               Hex            3%         N/A       77%         4

Inventory:

Hand Weapons
 Y - a +1 sling (weapon)
Armour
 g - a +0 leather armour (worn)
Potions
 d - a potion of brilliance {unknown}
 f - a potion of invisibility {unknown}

Dungeon Overview and Level Annotations

Branches:
Dungeon (2/15)

Altars:


Message History

The jackal bites you. The adder bites you but does no damage.
The jackal bites you but does no damage.
You shoot a sling bullet. The sling bullet misses the adder.
The jackal bites you but does no damage.
The adder barely misses you. The jackal bites you.
The jackal barely misses you. The adder misses you.
You shoot a sling bullet.
The sling bullet hits the adder but does no damage.
The adder is moderately wounded.
The jackal barely misses you. x2; The adder closely misses you.
The jackal bites you.
The jackal bites you but does no damage.
You shoot a sling bullet. The sling bullet hits the adder.
The adder is heavily wounded.
The adder bites you but does no damage.
The jackal bites you but does no damage.
The jackal bites you. The adder bites you but does no damage.
The jackal closely misses you. The jackal misses you.
You shoot a sling bullet.
The sling bullet barely misses the adder.
The jackal bites you. The adder bites you but does no damage.
The jackal bites you. The jackal closely misses you.
The adder barely misses you.
You shoot a sling bullet.
The sling bullet barely misses the adder.
The jackal closely misses you. The adder barely misses you.
The jackal bites you but does no damage. x2
You shoot a sling bullet. The sling bullet misses the adder.
The jackal bites you but does no damage.
The adder bites you. The jackal barely misses you. The jackal bites you.
The adder bites you but does no damage. The jackal barely misses you.
You shoot a sling bullet. The sling bullet hits the adder.
The adder is heavily wounded.
The jackal bites you.
The jackal bites you but does no damage.
The adder closely misses you. The jackal closely misses you.
You shoot a sling bullet. The sling bullet hits the adder.
The adder is almost dead.
The jackal bites you.
You die...

# ########## #.# #
#...(....# #.# #
#........# #.#
###........########.#
..'........'...>..#.#
###........####.#.#<#
# #%.......####+#.###
# #........##.....#
#........##..h@.#
#........##...Sh#
#........##.....#
#......####.....#
#......# ##...##
######## #...# #...#
.....


You could see an adder and 2 jackals.

Vanquished Creatures
  A dart slug (D:1)
  2 ball pythons (D:1)
  4 bats
  3 endoplasms
  2 giant cockroaches (D:1)
  3 hobgoblins
  A jackal (D:2)
  3 quokkas (D:1)
  3 frilled lizards (D:1)
  2 kobolds (D:1)
  2 rats (D:1)
26 creatures vanquished.

Notes
Turn   | Place    | Note
-------+----------+-------------------------------------------
     0 | D:1      | qw the Gargoyle Hexslinger began the quest for the Orb.
     0 | D:1      | Reached XP level 1. HP: 12/12 MP: 2/2
     0 | D:1      | 0 ||| qw: Version: 0.3-a-46-gb1f654a
     0 | D:1      | 0 ||| qw: Game counter: 1672
     0 | D:1      | 0 ||| qw: Melee chars always use a shield: true
     0 | D:1      | 0 ||| qw: God list: Okawaru
     0 | D:1      | 0 ||| qw: Allow faded altars: false
     0 | D:1      | 0 ||| qw: Do Orc after clearing Dungeon:15 true
     0 | D:1      | 0 ||| qw: Do second Lair branch before Depths: true
     0 | D:1      | 0 ||| qw: Lair rune preference: random
     0 | D:1      | 0 ||| qw: Goals: Normal
     0 | D:1      | 0 ||| PLANNING D:1-11
    48 | D:1      | Reached XP level 2. HP: 16/16 MP: 3/3
   193 | D:1      | Reached skill level 3 in Ranged Weapons
   298 | D:1      | Reached XP level 3. HP: 21/21 MP: 4/4
   466 | D:1      | 466 ||| UPGRADING to +0 leather armour.
   476 | D:1      | 476 ||| DROPPING +0 robe.
   477 | D:1      | 477 ||| READING scroll labelled GETHADGH VIZE.
   478 | D:1      | 478 ||| DROPPING scroll of poison.
   670 | D:2      | HP: 4/21 [jackal (2)]
   673 | D:2      | HP: 1/21 [jackal (1)]
   674 | D:2      | Slain by a jackal

Levels and vault maps discovered:
D:1:      minmay_arrival_four_houses, layout_rooms, st_stairs_11, hex_medium
D:2:      layout_basic, basic_ecumenical_altar, grunt_ministairs_6,
          minmay_increasing_density

Skill      XL: |  1  2 |
---------------+-------+-----
Ranged Weapons | 3 |  3.2
Fighting       | 2 |  2.0
Dodging        | |  1.5
Spellcasting   | |  1.0
Hexes          | |  2.6

Action                     || total
---------------------------++-------
   Fire: Sling             ||    95
    Use: Scroll            ||     1
 Armour: Robe              ||     5
         Leather armour    ||    23
  Dodge: Dodged            ||    42

Table legend:
 A = Non-vault XP
 B = Vault XP
 C = Vault XP percentage of total XP
 D = Non-vault monster count
 E = Vault monster count
 F = Vault count percentage of total count
                 A         B        C        D         E       F
            +---------+---------+-------+---------+---------+-------
      Total |      37 |       7 |  15.9 |      22 |       4 |  15.4
            +---------+---------+-------+---------+---------+-------
        D:1 |      31 |       6 |  16.2 |      19 |       3 |  13.6
        D:2 |       6 |       1 |  14.3 |       3 |       1 |  25.0
            +---------+---------+-------+---------+---------+-------
